AoeStats
← -Yakuzzo-

Four Lakes

510075205Analyzed
1v1 RM · 3d ago on Sep 29, 2026· 94m 22s· 2 players
Game mode
Random Map
Map size
Tiny (2 player)
Population
200
Speed
Normal
Resources
Standard
Victory
Conquest
Starting age
Dark Age
Ending age
Imperial Age
RankedLock teamsTeams togetherTeam positionsShared explorationLock speedFull tech treeHidden civsTurbo modeCheats
Victory
Defeat
🇩🇪 Goths · Germany
1357
+15
🇩🇪 Saracens · Germany
1325
-15
-Yakuzzo-
8:29 Loom
10:52 Feudal Age
11:47 Double-Bit Axe
14:13 Wheelbarrow
13:36 Gold Mining
14:22 Fletching
17:44 Padded Archer Armor
19:58 Scale Barding Armor
20:03 Forging
21:02 Bloodlines
25:02 Castle Age
25:29 Crossbowman
26:15 Thumb Ring
27:45 Bodkin Arrow
28:46 Ballistics
29:30 Thumb Ring
31:29 Light Cavalry
36:11 Husbandry
36:43 Leather Archer Armor
42:56 Imperial Age
42:49 Horse Collar
44:48 Chain Barding Armor
45:04 Iron Casting
46:12 Hussar
48:53 Plate Barding Armor
49:22 Blast Furnace
50:53 Chemistry
73:18 Heavy Plow
85:30 Hand Cart
91:43 Fishing Lines
Ludwig van Rekthoven
7:36 Loom
9:46 Feudal Age
10:22 Man-at-Arms
14:39 Scale Mail Armor
15:40 Forging
18:23 Fletching
20:05 Horse Collar
20:40 Padded Archer Armor
24:41 Castle Age
23:00 Gold Mining
24:18 Wheelbarrow
23:43 Fishing Lines
24:43 Long Swordsman
25:24 Squires
25:41 Chain Mail Armor
26:04 Iron Casting
26:44 Elite Skirmisher
30:45 Town Watch
35:14 Bodkin Arrow
35:35 Leather Archer Armor
35:54 Double-Bit Axe
36:43 Pikeman
38:17 Masonry
38:27 Ballistics
38:49 Wheelbarrow
42:36 Hand Cart
43:34 Anarchy
47:05 Imperial Age
47:11 Stone Mining
47:09 Two-Handed Swordsman
48:56 Blast Furnace
48:14 Elite Huskarl
50:10 Conscription
59:07 Murder Holes
59:43 Treadmill Crane
63:51 Halberdier
71:38 Bracer
75:12 Heavy Scorpion
76:54 Chemistry
78:18 Champion
79:38 Sanctity
79:28 Fervor
80:42 Theocracy
80:27 Perfusion
80:53 Bow Saw
81:38 Illumination
84:47 Town Patrol
87:51 Heavy Plow
89:25 Masonry
90:08 Crop Rotation
89:10 Sappers
91:21 Two-Man Saw
92:28 Architecture
Connection lost

Rejoining the realm…

Still unreachable

The connection could not be restored.

Session expired

The server has moved on; the page needs a fresh start.